[Event "Live Chess"]
[Site "Chess.com"]
[Date "2024.06.02"]
[Round "-"]
[White "ACM42"]
[Black "Anareza_Firouzja"]
[Result "1-0"]
[WhiteElo "2208"]
[BlackElo "1882"]
[TimeControl "300"]
[EndTime "6:30:31 PDT"]
[Termination "ACM42 won by resignation"]

1. e4 c5 2. Nf3 d6 3. d4 cxd4 4. Nxd4 Nf6 5. Nc3 g6 6. f4 Nc6 7. Be3 e5 8. Nxc6 bxc6 9. Be2 Bg7 10. fxe5 dxe5 11. Qxd8+ Kxd8 12. O-O Kc7 13. Bg5 1-0

[Event "Live Chess"]
[Site "Chess.com"]
[Date "2024.06.02"]
[Round "-"]
[White "Bradfield133"]
[Black "WorcesterYork"]
[Result "0-1"]
[WhiteElo "1853"]
[BlackElo "2449"]
[TimeControl "300"]
[EndTime "6:30:37 PDT"]
[Termination "WorcesterYork won by resignation"]

1. c4 c5 2. g3 Nc6 3. Bg2 g6 4.
Nc3 Bg7 5. a3 d6 6. Rb1 a5 7. e4 h5 8. Nge2 h4 9. Nf4 h3 10. Bf3 Nd4 11. Bg4 Bxg4 12. Qxg4 Nc2+ 13. Kd1 Nf6 14. Qe2 Nd4 15. Qf1 Qd7 16. Ncd5 Nxd5 17. Nxd5 Qa4+ 18. b3 Qc6 19. Nf4 Qd7 20. d3 Qg4+ 21.
Kd2 b5 22. Qd1 Qd7 23. f3 a4 24. bxa4 bxa4 25. Ke1 O-O 26. Kf2 Rfb8 27. Bd2 Rb3 28. Qf1 Rab8 29. Re1 Rb2 30. Rd1 Nb3 31. Ke1 Nxd2 32.
Rxd2 Bc3 0-1

[Event "Live Chess"]
[Site "Chess.com"]
[Date "2024.06.02"]
[Round "-"]
[White "vincents82"]
[Black "missedJariChance"]
[Result "1-0"]
[WhiteElo "1982"]
[BlackElo "1387"]
[TimeControl "300"]
[EndTime "6:30:38 PDT"]
[Termination "vincents82 won by checkmate"]

1. e4 c5 2. Nf3 e6 3. d4 cxd4 4. Nxd4 Nc6 5. Nc3 a6 6. Be3 Qc7 7. Be2 Nf6 8. Qd2 Be7 9. O-O-O O-O 10. Nxc6 bxc6 11. h4 Bb4 12. h5 Nxe4 13. Qd4 Bxc3 14.
Qxe4 Ba5 15. h6 f5 16. Qd4 e5 17. Bc4+ Kh8 18. hxg7+ Kxg7 19. Qh4 Rh8 20. Qe7+ Kg6 21. Qf7# 1-0

[Event "Live Chess"]
[Site "Chess.com"]
[Date "2024.06.02"]
[Round "-"]
[White "grillage"]
[Black "jimwad"]
[Result "1-0"]
[WhiteElo "1864"]
[BlackElo "1300"]
[TimeControl "300"]
[EndTime "6:30:43 PDT"]
[Termination "grillage won by resignation"]

1. d4 d5 2. Nf3 Nf6 3. c4 c6 4. Qc2 g6 5. Bg5 Bf5 6. Qb3 Qc7 7. Nc3 Bg7 8. cxd5 Nxd5 9. Nxd5 cxd5 10. Qxd5 O-O 11.
e3 Rd8 12. Qb3 Nc6 13. Bc4 Na5 14. Bxf7+ Kf8 15. Qa3 Kxf7 16. O-O Bf6 17. Bf4 e5 18. Rac1 Qe7 19. Qxa5 exf4 20. exf4 b6 21. Qa4 Be4 22. Rfe1 Qb7 23. Ne5+ Bxe5 24. dxe5 Bxg2 25. Qc4+ Bd5 26. Qe2 Bxa2 27. e6+ Ke7 28. Qe5 Qd5 29. Rc7+ Rd7 30.
Rxd7+ Qxd7 31. exd7+ 1-0

[Event "Live Chess"]
[Site "Chess.com"]
[Date "2024.06.02"]
[Round "-"]
[White "NottheBishopSacrifice"]
[Black "mrsmarple1968"]
[Result "1-0"]
[WhiteElo "2323"]
[BlackElo "1729"]
[TimeControl "300"]
[EndTime "6:30:52 PDT"]
[Termination "NottheBishopSacrifice won by resignation"]

1. d4 d5 2. Nf3 Nf6 3. c4 e6 4.
Nc3 c6 5. g3 Be7 6. Bg2 O-O 7.
O-O Nbd7 8. Qd3 Re8 9. e4 dxe4 10.
Nxe4 b6 11. Bf4 Bb7 12. Nd6 Bxd6 13. Bxd6 Nf8 14. c5 Nd5 15. Qc2 Ng6 16. a3 a5 17.
Ne5 Nge7 18. Nc4 f6 19. Rfe1 Qd7 20. cxb6 Nxb6 21. Nxb6 Qxd6 22. Nxa8 Bxa8 23. Qc5 Rd8 24. Qxa5 Bb7 25. Rxe6 Qxe6 26. Qxd8+ Kf7 27. Qb6 Ba8 28. Qb8 Qc8 29. Qb3+ Kf8 30. a4 Qd7 31. a5 Qb7 32.
Qxb7 Bxb7 33. a6 Ba8 34. a7 Nc8 35. Ra3 Nb6 36. Rb3 Nd7 37. Rb8+ 1-0

[Event "Live Chess"]
[Site "Chess.com"]
[Date "2024.06.02"]
[Round "-"]
[White "Frankie_Badacsonyi"]
[Black "elephantgerrald"]
[Result "1-0"]
[WhiteElo "2375"]
[BlackElo "871"]
[TimeControl "300"]
[EndTime "6:30:53 PDT"]
[Termination "Frankie_Badacsonyi won by checkmate"]

1. Nf3 d5 2. e3 Bg4 3. b3 Nc6 4. Bb2 d4 5. h3 dxe3 6. hxg4 exf2+ 7. Kxf2 Nf6 8. g5 Ng4+ 9. Kg1 e6 10. Rh4 Bc5+ 11. d4 Bxd4+ 12. Bxd4 Qxd4+ 13. Qxd4 Nxd4 14. Nxd4 Ne3 15. Nc3 O-O 16. Re1 Nxf1 17. Kxf1 c5 18. Ndb5 a6 19. Nd6 b5 20. Re3 b4 21. Nce4 f5 22. gxf6 gxf6 23. Rg3+ Kh8 24. Rgh3 f5 25. Rxh7+ Kg8 26. Nxc5 f4 27. Nxe6 Rfb8 28. Rh8# 1-0

[Event "Live Chess"]
[Site "Chess.com"]
[Date "2024.06.02"]
[Round "-"]
[White "dmitro74"]
[Black "GerardATHart"]
[Result "1-0"]
[WhiteElo "1734"]
[BlackElo "1361"]
[TimeControl "300"]
[EndTime "6:30:58 PDT"]
[Termination "dmitro74 won on time"]

1. d4 f5 2. c4 Nf6 3. Nc3 g6 4.
Nf3 Bg7 5. e3 O-O 6. Bd3 d6 7.
O-O Nc6 8. a3 e5 9. d5 e4 10. dxc6 exd3 11. cxb7 Bxb7 12. Qxd3 Ne4 13. Nd4 Qe7 14. Bd2 Nc5 15. Qc2 Be5 16. f4 Bf6 17.
Nf3 Ne4 18. Nd5 Bxd5 19. cxd5 Rab8 20. Rab1 Nc5 21. Bc3 Bxc3 22. bxc3 Qxe3+ 23. Kh1 Qxf4 24. Nd4 Qh4 25. Nc6 Rb6 26. Nxa7 Ra8 27. Nb5 Ne4 28.
c4 Ng3+ 29. Kg1 Nxf1 30. Rxf1 Rf8 31. Qe2 c6 32. Qe6+ Kg7 33. Qxd6 cxb5 34. Qxb6 bxc4 35.
d6 c3 36. Qc7+ Rf7 37. Qxc3+ Kf8 38. Qc8+ Kg7 39. d7 Rf8 40. Qc3+ Qf6 41. Qxf6+ Kxf6 42. Rd1 Rd8 43. a4 Ke7 44. a5 Rxd7 45. Re1+ Kd6 46.
Rd1+ Kc6 47. Rxd7 Kxd7 48. Kf2 Kc7 49. Ke3 Kb7 50. Kf4 Ka6 51. Kg5 Kxa5 52. Kh6 f4 53. Kxh7 g5 54. Kh6 g4 55. Kg5 f3 56. gxf3 gxf3 57. h4 f2 58. h5 f1=Q 59. h6 1-0

[Event "Live Chess"]
[Site "Chess.com"]
[Date "2024.06.02"]
[Round "-"]
[White "Step-S"]
[Black "beltmanjb"]
[Result "1-0"]
[WhiteElo "1341"]
[BlackElo "1683"]
[TimeControl "300"]
[EndTime "6:31:04 PDT"]
[Termination "Step-S won by checkmate"]

1. e4 c5 2. d4 cxd4 3. f4 Nc6 4. Nf3 d5 5. Bd3 Bg4 6. O-O e5 7. Qe1 Nf6 8. fxe5 Nxe4 9. Bxe4 dxe4 10. Qxe4 Bxf3 11.
Qxf3 Bc5 12. Qxf7# 1-0

[Event "Live Chess"]
[Site "Chess.com"]
[Date "2024.06.02"]
[Round "-"]
[White "matt1979"]
[Black "RichardABates"]
[Result "0-1"]
[WhiteElo "1405"]
[BlackElo "2356"]
[TimeControl "300"]
[EndTime "6:31:08 PDT"]
[Termination "RichardABates won by checkmate"]

1. f4 e5 2. fxe5 d6 3. exd6 Bxd6 4. Nf3 Bg4 5. e3 Nc6 6. Bb5 Ne7 7. O-O O-O 8. h3 Bh5 9. Qe1 Bg6 10. d3 Nf5 11. Bxc6 bxc6 12. d4 Re8 13. Bd2 Bg3 14. Qe2 Nxd4 15. Nxd4 Qxd4 16. exd4 Rxe2 17. Rf3 Bd6 18.
Bf4 Be4 19. Re3 Rxg2+ 20. Kf1 f5 21. Bxd6 Rxc2 22. Ba3 Re8 23. Rg3 f4 24. Rg4 Bd3+ 25. Kg1 Re1# 0-1

[Event "Live Chess"]
[Site "Chess.com"]
[Date "2024.06.02"]
[Round "-"]
[White "McFim"]
[Black "McCarthyStone"]
[Result "1-0"]
[WhiteElo "1781"]
[BlackElo "2471"]
[TimeControl "300"]
[EndTime "6:31:10 PDT"]
[Termination "McFim won by resignation"]

1. e4 e5 2. Nf3 d6 3. d4 exd4 4. Nxd4 Nf6 5. Nc3 g6 6. f3 Bg7 7. Be3 O-O 8. Qd2 Nc6 9. O-O-O Nxd4 10. Bxd4 Be6 11. Kb1 a6 12. g4 c5 13. Be3 Qa5 14.
h4 Bxg4 15. fxg4 Nxe4 16. Nxe4 Qxa2+ 17. Kxa2 Rfe8 18. Nc3 b5 19. Bh6 Be5 1-0

[Event "Live Chess"]
[Site "Chess.com"]
[Date "2024.06.02"]
[Round "-"]
[White "gobbles19"]
[Black "agamilewska"]
[Result "1-0"]
[WhiteElo "2219"]
[BlackElo "1770"]
[TimeControl "300"]
[EndTime "6:31:27 PDT"]
[Termination "gobbles19 won by checkmate"]

1. e4 e5 2. d4 exd4 3. c3 Nc6 4. Bc4 d5 5. exd5 Na5 6. Qa4+ c6 7. dxc6 Nxc6 8. Nf3 dxc3 9. Nxc3 Bb4 10. O-O Bxc3 11. bxc3 Ne7 12. Ba3 O-O 13. Rad1 Qb6 14. Rfe1 Re8 15.
Bxe7 Rxe7 16. Rxe7 Nxe7 17. Qe8# 1-0

[Event "Live Chess"]
[Site "Chess.com"]
[Date "2024.06.02"]
[Round "-"]
[White "GEMdzq"]
[Black "Anareza_Firouzja"]
[Result "1-0"]
[WhiteElo "2301"]
[BlackElo "1881"]
[TimeControl "300"]
[EndTime "6:31:39 PDT"]
[Termination "GEMdzq won by resignation"]

1. e4 c5 2. d4 cxd4 3. c3 dxc3 4. Nxc3 Nc6 5. Bc4 e6 6. Nf3 Bb4 7. O-O Nge7 8. Bg5 h6 9. Bh4 Qc7 10. Nb5 Qb6 11. a3 Bc5 12. b4 1-0

[Event "Live Chess"]
[Site "Chess.com"]
[Date "2024.06.02"]
[Round "-"]
[White "Nazar-Makarchuk"]
[Black "Colm_Buckley"]
[Result "0-1"]
[WhiteElo "1431"]
[BlackElo "1884"]
[TimeControl "300"]
[EndTime "6:31:41 PDT"]
[Termination "Colm_Buckley won by resignation"]

1. e4 e6 2. d4 d5 3. exd5 exd5 4. Nf3 c6 5. c4 Nf6 6. cxd5 Nxd5 7. Nc3 Be7 8. Nxd5 Qxd5 9. Be2 O-O 10. O-O Bf5 11. Bd3 Bxd3 12. Qxd3 Bf6 13. Be3 Nd7 14. Qb3 Qxb3 15.
axb3 Nb6 16. Ne5 Rfe8 17. Nc4 Nd5 18. Nd6 Re7 19. Nf5 Rd7 20. g3 g6 21. Nh4 Bxh4 22.
gxh4 a6 23. Kg2 Re8 24. Rfe1 Rde7 25. Re2 Nxe3+ 26. fxe3 Rxe3 27. Rxe3 Rxe3 28. Ra3 Rd3 29. b4 Rxd4 30. Rb3 Rxh4 31. h3 Rd4 32. Kf3 f5 33. Ke3 Re4+ 34. Kd3 Kf7 35. b5 axb5 36. Ra3 g5 37. Ra7 Re7 38. Ra1 Kf6 39. Rh1 h5 40.
Kd4 f4 41. Kc5 Kf5 42. Kb6 g4 43. hxg4+ hxg4 44. Rh5+ Ke4 45. Rh4 Kf3 46. Rh7 Rxh7 0-1

[Event "Live Chess"]
[Site "Chess.com"]
[Date "2024.06.02"]
[Round "-"]
[White "booktrunk"]
[Black "JoeyCage"]
[Result "0-1"]
[WhiteElo "1500"]
[BlackElo "2397"]
[TimeControl "300"]
[EndTime "6:31:54 PDT"]
[Termination "JoeyCage won by resignation"]

1. d4 e6 2. Nc3 d5 3. Bf4 Nf6 4. Nb5 Na6 5. e3 c6 6. Nc3 Bd6 7. Bxa6 bxa6 8. Bxd6 Qxd6 9. Nf3 c5 10. dxc5 Qxc5 11.
Qd4 Qb6 12. Rb1 Bd7 13. O-O Rc8 14. Rfd1 O-O 15. Ne5 Rfd8 16. Nxd7 Rxd7 17. Qxb6 axb6 18. Ne2 b5 19. Rbc1 Rdc7 20. c3 Ne4 21. f3 Nd6 22. Kf1 Nc4 23. Kf2 Nxb2 24. Rd2 Na4 25.
Rdc2 Kf8 26. a3 Ke7 27. Ke1 Nb6 28. Kd2 Nc4+ 29. Kd3 e5 30. e4 Rd7 31. exd5 Rxd5+ 32. Ke4 Ke6 33. f4 f5+ 34. Kf3 Rd3+ 35. Kf2 Rcd8 36.
fxe5 Kxe5 37. Re1 Rd2 38. Rxd2 Rxd2 39. Kf1 Ne3+ 40. Kf2 Ke4 41. Kg1 Kd3 42. Ng3 Rxg2+ 43. Kh1 Rf2 44. Kg1 Rc2 45. h4 g6 46. Nf1 Nxf1 47.
Rxf1 Rxc3 48. h5 Ke4 49. hxg6 hxg6 50. Ra1 g5 51. Kf2 Rc2+ 52. Kg3 f4+ 53. Kg4 Rg2+ 54. Kh3 Rg3+ 55. Kh2 g4 56. a4 Rh3+ 57. Kg2 f3+ 58. Kf2 g3+ 59. Kg1 Rh2 60. axb5 f2+ 0-1

[Event "Live Chess"]
[Site "Chess.com"]
[Date "2024.06.02"]
[Round "-"]
[White "yarek"]
[Black "Ferrarifan27"]
[Result "0-1"]
[WhiteElo "1746"]
[BlackElo "2141"]
[TimeControl "300"]
[EndTime "6:31:57 PDT"]
[Termination "Ferrarifan27 won by resignation"]

1. e4 e5 2. d4 exd4 3. Qxd4 Nc6 4. Qe3 Bb4+ 5. Nc3 d6 6. Bd2 Nf6 7. O-O-O O-O 8. Qg3 Re8 9. f3 Be6 10. Kb1 a5 11. a3 Bc5 12. Bb5 Qe7 13. Nge2 Red8 14.
Bxc6 bxc6 15. Nf4 Rdb8 16. Ka1 Bd4 17. Na4 Be5 18. Qf2 c5 19. g3 Bd7 20. Nc3 Rb6 21. Nfd5 Nxd5 22. Nxd5 Bxb2+ 23. Ka2 Be6 24. c4 Bxd5 25.
exd5 Bd4 26. Qg2 Rb2+ 27. Ka1 Rxd2+ 0-1

[Event "Live Chess"]
[Site "Chess.com"]
[Date "2024.06.02"]
[Round "-"]
[White "Queensandpawns"]
[Black "vincents82"]
[Result "1-0"]
[WhiteElo "2293"]
[BlackElo "1980"]
[TimeControl "300"]
[EndTime "6:32:17 PDT"]
[Termination "Queensandpawns won by checkmate"]

1. e4 d5 2. Nc3 dxe4 3. Nxe4 Nd7 4. Ng5 Ngf6 5. N1f3 e6 6. d4 Be7 7. Nxf7 Kxf7 8.
Ng5+ Kg6 9. Nxe6 Qe8 10. Bd3+ Kf7 11. Nxc7 Bb4+ 12. Kf1 Qd8 13. Bc4+ Kg6 14. Qd3+ Kh5 15. Bf7+ g6 16. Qh3# 1-0

[Event "Live Chess"]
[Site "Chess.com"]
[Date "2024.06.02"]
[Round "-"]
[White "degringolade64"]
[Black "Ninifu"]
[Result "0-1"]
[WhiteElo "2087"]
[BlackElo "2020"]
[TimeControl "300"]
[EndTime "6:32:20 PDT"]
[Termination "Ninifu won by resignation"]

1. e4 d5 2. exd5 Nf6 3. Nf3 Bg4 4. Be2 Qxd5 5. h3 Bh5 6. O-O Nc6 7. d4 e6 8. c4 Qe4 9. Nc3 Qg6 10. d5 O-O-O 11. Qa4 exd5 12. cxd5 Nxd5 13. Nxd5 Rxd5 14. Be3 Kb8 15. Rac1 Ra5 16. Qb3 Be7 17. Rfd1 Rd8 18. Nd4 Nxd4 19. Bxh5 Nxb3 20. Rxd8+ Bxd8 21. Rd1 Qf6 22. axb3 Rxh5 0-1

[Event "Live Chess"]
[Site "Chess.com"]
[Date "2024.06.02"]
[Round "-"]
[White "FlyingChessKestrel13"]
[Black "PavelChernomordik"]
[Result "0-1"]
[WhiteElo "2075"]
[BlackElo "2506"]
[TimeControl "300"]
[EndTime "6:32:38 PDT"]
[Termination "PavelChernomordik won by resignation"]

1. e4 g6 2. d4 Bg7 3. Nc3 d6 4.
Be3 a6 5. Nf3 b5 6. a3 Bb7 7. d5 c6 8. dxc6 Nxc6 9. Qd3 Nf6 10. Be2 Ng4 11. O-O Nxe3 12. fxe3 O-O 13. Nd4 Ne5 14. Qd2 Bh6 15. Nd5 e6 16. Nf6+ Kg7 17.
Kh1 Rc8 18. c3 Bg5 19. Ng4 Nxg4 20. Bxg4 Bxe4 21. Bxe6 Qe7 22. Bh3 f5 23. Rae1 Qe5 24. Nf3 Bxf3 25. gxf3 Bh4 26. f4 Qe6 27. Rd1 Rcd8 28.
Bg2 Rfe8 29. Qd4+ Bf6 30. Qb6 d5 31. Qxe6 Rxe6 32. Bxd5 Rxe3 33. Bg2 Rxd1 34. Rxd1 Re2 35. h3 Rxb2 36. Rd6 a5 37. Ra6 Bxc3 38. Ra7+ Kf6 39. Ra6+ Ke7 40. Ra7+ Kd6 41. Rxh7 Bd2 42. Bf3 Bxf4 43.
Rg7 g5 44. Ra7 Rh2+ 45. Kg1 Rxh3 46. Kg2 Rh2+ 47. Kg1 Be3+ 48. Kxh2 Bxa7 49. Be2 b4 50. axb4 axb4 51. Bc4 Ke5 52. Kg3 Kd4 53. Be6 Ke4 54. Bd7 b3 55. Bc6+ Ke3 56. Bd7 f4+ 57. Kg4 b2 58.
Bf5 f3 0-1

[Event "Live Chess"]
[Site "Chess.com"]
[Date "2024.06.02"]
[Round "-"]
[White "DoctorMantisTobogganMD"]
[Black "AndrewBak1"]
[Result "1-0"]
[WhiteElo "2204"]
[BlackElo "1881"]
[TimeControl "300"]
[EndTime "6:32:46 PDT"]
[Termination "DoctorMantisTobogganMD won by checkmate"]

1. e4 c5 2. Nc3 Nc6 3. Bb5 Nd4 4.
Bc4 e6 5. Nge2 Nxe2 6. Qxe2 Be7 7. O-O d6 8. d3 Nf6 9. f4 O-O 10. a4 d5 11. Ba2 b6 12. h3 Bb7 13. e5 Nd7 14. g4 Qc7 15. Nb5 Qc6 16. Qg2 a6 17. Nc3 b5 18. Bb3 c4 19. dxc4 bxc4 20. Ba2 Nc5 21. Be3 Rad8 22. Bxc5 Bxc5+ 23. Kh2 Qb6 24. a5 Qc7 25. Qe2 Bc6 26. b3 Bb4 27. Na4 Bxa4 28. bxa4 Qxa5 29. f5 Qc7 30. f6 g6 31. Qe3 Rfe8 32. c3 Bf8 33. Bb1 Qc5 34.
Qf4 d4 35. cxd4 Rxd4 36. Qg3 Red8 37. Ra2 Rd2+ 38. Rf2 Rxf2+ 39. Rxf2 c3 40. Bc2 Rd2 41. Kg2 Qd5+ 42. Qf3 Rxf2+ 43. Kxf2 Qd2+ 44. Qe2 Qf4+ 45. Kg2 Bc5 46. Bd3 Bd4 47. Bxa6 Bxe5 48. Qf3 c2 49. Qa8+ Bb8 50. Qc6 Qg3+ 51. Kf1 Qxh3+ 52. Ke2 Qh2+ 53. Kd3 Qd6+ 54. Qxd6 Bxd6 55. Kxc2 Be5 56. g5 Bf4 57. a5 Bxg5 58. Kd3 Bxf6 59. Bc8 Bh4 60. Ke2 Bf2 61. Kxf2 Kf8 62. a6 Ke7 63. a7 Kd6 64. a8=Q Ke5 65.
Qa7 Kf4 66. Qxf7+ Kg4 67. Qxe6+ Kh5 68. Qh3+ Kg5 69. Qxh7 Kf6 70. Qh4+ Kg7 71. Qg5 Kf7 72. Bf5 Kg7 73. Qxg6+ Kf8 74. Qh7 Ke8 75. Qg7 Kd8 76.
Qd7# 1-0

[Event "Live Chess"]
[Site "Chess.com"]
[Date "2024.06.02"]
[Round "-"]
[White "Eva3337"]
[Black "LL220284LL"]
[Result "0-1"]
[WhiteElo "1178"]
[BlackElo "2479"]
[TimeControl "300"]
[EndTime "6:33:00 PDT"]
[Termination "LL220284LL won by resignation"]

1. e4 g6 2. Nf3 Bg7 3. c3 d6 4. Bd3 Nd7 5. Bc2 c5 6. d4 cxd4 7. cxd4 e6 8. Be3 Ne7 9. Nc3 a6 10. Qd2 O-O 11. Bh6 b5 12. Bxg7 Kxg7 13. Qg5 Nc6 14. Qe3 Bb7 15. O-O-O Rc8 16. a3 b4 17. axb4 Nxb4 18. Bb1 Nb6 19. h4 Nc4 20. Qe2 Qa5 21. h5 Na3 22. b3 Rxc3+ 23. Kd2 Nxb1+ 0-1

[Event "Live Chess"]
[Site "Chess.com"]
[Date "2024.06.02"]
[Round "-"]
[White "MagnersCarlsberg2870"]
[Black "juniortay"]
[Result "0-1"]
[WhiteElo "1768"]
[BlackElo "2334"]
[TimeControl "300"]
[EndTime "6:33:10 PDT"]
[Termination "juniortay won by resignation"]

1. d4 d5 2. e3 c5 3. c3 Nc6 4. Bd3 Nf6 5. f4 g6 6. Nf3 Bf5 7. Bxf5 gxf5 8. Qd3 e6 9. Ne5 Nxe5 10. fxe5 Ne4 11.
Qb5+ Qd7 12. Qxd7+ Kxd7 13. Nd2 Rg8 14. g3 h5 15. Nf3 Be7 16. Bd2 c4 17. b3 b5 18.
bxc4 bxc4 19. Rb1 Rab8 20. Ke2 Ba3 21. Rhf1 Bb2 0-1

[Event "Live Chess"]
[Site "Chess.com"]
[Date "2024.06.02"]
[Round "-"]
[White "missedJariChance"]
[Black "grillage"]
[Result "0-1"]
[WhiteElo "1386"]
[BlackElo "1865"]
[TimeControl "300"]
[EndTime "6:33:12 PDT"]
[Termination "grillage won by resignation"]

1. b3 d5 2. Bb2 Bg4 3. Nf3 Bxf3 4.
exf3 e6 5. d4 Nf6 6. Be2 c5 7.
Nd2 Nc6 8. c4 cxd4 9. cxd5 Nxd5 10. Bb5 Bc5 11. Ne4 Bb6 12. Bxd4 Bxd4 13. Qxd4 Qa5+ 14.
Nd2 Qxb5 15. a3 Nxd4 0-1

[Event "Live Chess"]
[Site "Chess.com"]
[Date "2024.06.02"]
[Round "-"]
[White "JohanKjeldahl"]
[Black "nyclone"]
[Result "1-0"]
[WhiteElo "1789"]
[BlackElo "1147"]
[TimeControl "300"]
[EndTime "6:33:20 PDT"]
[Termination "JohanKjeldahl won by resignation"]

1. e4 e6 2. d4 d5 3. Nd2 c5 4.
Ngf3 Nc6 5. Bb5 Bd7 6. exd5 exd5 7. O-O Nf6 8. Re1+ Be7 9. dxc5 O-O 10. Nb3 a6 11.
Bxc6 Bxc6 12. Bg5 a5 13. Nfd4 a4 14. Nf5 Re8 15. Nxe7+ Rxe7 16. Nd4 Rxe1+ 17. Qxe1 h6 18. Bh4 g5 19. Bg3 Ne4 20. f3 Nxc5 21. Qb4 Ne6 22.
Nf5 Nf4 23. Nxh6+ Kg7 24. Nf5+ Kg6 25. Bxf4 gxf4 26. Nd4 Qf6 27. Re1 Rh8 28. Qc3 Qh4 29. Qd3+ Kg7 30. Nf5+ Kf8 31. Nxh4 Rxh4 32. Qf5 Rh6 33.
Qxf4 Re6 34. Rxe6 1-0

[Event "Live Chess"]
[Site "Chess.com"]
[Date "2024.06.02"]
[Round "-"]
[White "Dashman93"]
[Black "NAZRIZ1977"]
[Result "0-1"]
[WhiteElo "2124"]
[BlackElo "2085"]
[TimeControl "300"]
[EndTime "6:33:27 PDT"]
[Termination "NAZRIZ1977 won by resignation"]

1. e4 c6 2. Qf3 d5 3. Nc3 dxe4 4. Nxe4 f6 5. Bc4 e6 6. Ne2 Ne7 7. Nf4 Nd5 8. Qh5+ Kd7 9. Qf7+ Qe7 10. Nc5+ Kd6 11. Ne4+ Kd7 12. Qxe7+ Bxe7 13. d4 Na6 14. Nd3 b6 15. c3 Nac7 16. Bd2 a5 17. O-O Ba6 18.
Bxa6 Rxa6 19. c4 Nb4 20. Nxb4 axb4 21. c5 Nd5 22. cxb6 Nxb6 23. Rfc1 Rha8 24. Nc5+ Bxc5 25. dxc5 Nd5 26. a4 Rxa4 27. Rxa4 Rxa4 28. Kf1 Ra2 29.
Rb1 e5 30. Ke2 Nc3+ 31. bxc3 bxc3 32. Rd1 Rxd2+ 0-1

[Event "Live Chess"]
[Site "Chess.com"]
[Date "2024.06.02"]
[Round "-"]
[White "Mikhail_Golubev"]
[Black "OxonChess"]
[Result "1-0"]
[WhiteElo "2490"]
[BlackElo "1962"]
[TimeControl "300"]
[EndTime "6:33:31 PDT"]
[Termination "Mikhail_Golubev won by checkmate"]

1. e4 c5 2. Nf3 Nc6 3. Nc3 g6 4. d4 cxd4 5. Nxd4 Bg7 6. Be3 Nf6 7.
Bc4 O-O 8. Bb3 d6 9. f3 Bd7 10.
h4 h5 11. Qd2 Rc8 12. O-O-O Na5 13. g4 Nc4 14. Bxc4 Rxc4 15. gxh5 Nxh5 16. Rhg1 Qa5 17.
Rg5 Rc5 18. Rxc5 Qxc5 19. Rg1 Rc8 20. Nd5 Re8 21. Nf5 Qb5 22. Nxg7 Kxg7 23. Nc7 Qa4 24. Nxe8+ Bxe8 25. Qd4+ Qxd4 26. Bxd4+ f6 27. Bxa7 Nf4 28. Kd2 Bc6 29. Be3 Ne6 30. c4 Kf7 31. b4 Ng7 32. b5 Bd7 33. a4 Nh5 34. a5 Bc8 35. Ra1 Ng7 36. a6 bxa6 37. bxa6 Ne6 38. a7 Nc7 39.
a8=Q Nxa8 40. Rxa8 Be6 41. Kc3 Bd7 42. Ra7 Bc6 43.
c5 Ke6 44. cxd6 exd6 45. Kd4 Bb5 46. Bf4 Be2 47. Rb7 Bxf3 48. Rb6 Kf7 49. Rxd6 Bg4 50.
e5 fxe5+ 51. Kxe5 Bf5 52. Rf6+ Kg7 53. Rxf5 gxf5 54. Kxf5 Kh7 55. Kg5 Kg8 56. h5 Kh7 57. h6 Kg8 58. Kg6 Kh8 59. Bd6 Kg8 60. h7+ Kh8 61.
Be5# 1-0

[Event "Live Chess"]
[Site "Chess.com"]
[Date "2024.06.02"]
[Round "-"]
[White "Ferrarifan27"]
[Black "booktrunk"]
[Result "1-0"]
[WhiteElo "2141"]
[BlackElo "1500"]
[TimeControl "300"]
[EndTime "6:33:32 PDT"]
[Termination "Ferrarifan27 won by resignation"]

1. e4 b6 2. d4 Bb7 3. Nc3 f6 4. Nf3 h6 5. Ne5 h5 6. Ng6 Rh7 7. Be2 Kf7 8. Bxh5 Ke6 9. Nf4+ Kd6 10. e5+ fxe5 11. dxe5+ 1-0

[Event "Live Chess"]
[Site "Chess.com"]
[Date "2024.06.02"]
[Round "-"]
[White "CarmelJane"]
[Black "Grace6363"]
[Result "1-0"]
[WhiteElo "1998"]
[BlackElo "1129"]
[TimeControl "300"]
[EndTime "6:33:33 PDT"]
[Termination "CarmelJane won by resignation"]

1. Nf3 c5 2. b3 Nc6 3. Bb2 d6 4. g3 e5 5. e4 Bg4 6. Bg2 Nf6 7. h3 Bxf3 8. Bxf3 Nd4 9. Bxd4 cxd4 10. d3 Qa5+ 11. Nd2 Rc8 12. O-O Be7 13. Nc4 Qc7 14. Bg2 b5 15. Na3 a6 16. Rc1 O-O 17. Nb1 a5 18. f4 exf4 19. gxf4 Nd7 20. Nd2 Nc5 21. Nf3 Qd7 22. Nxd4 Bh4 23. Nf5 Be7 24. Nxe7+ Qxe7 25. Kh2 Ne6 26. Qg4 Rce8 27. Rg1 Nd4 28. Bf1 g6 29. c3 f5 30. Qg3 Ne6 31. e5 dxe5 32. fxe5 Qg7 33. d4 f4 34. Qf3 Rf5 35. Bxb5 Rb8 36.
Bc4 Re8 37. Bxe6+ Rxe6 38. c4 g5 39. Qg4 Qh6 40. Qxf5 f3 41. d5 Rg6 42. Qxf3 Qh4 43. Rg4 Qh5 44. e6 Rg7 45. d6 Qe8 46. e7 h5 47.
Qf8+ Qxf8 48. exf8=Q+ Kxf8 49. Rd4 Rd7 50. c5 g4 51.
hxg4 hxg4 52. Kg3 a4 53. c6 1-0

[Event "Live Chess"]
[Site "Chess.com"]
[Date "2024.06.02"]
[Round "-"]
[White "resipsa6"]
[Black "gmnorfolk"]
[Result "1/2-1/2"]
[WhiteElo "2026"]
[BlackElo "2149"]
[TimeControl "300"]
[EndTime "6:34:08 PDT"]
[Termination "Game drawn by repetition"]

1. Nf3 Nf6 2. g3 g6 3. Bg2 Bg7 4. O-O O-O 5. Nc3 d5 6. d4 c6 7. Bg5 h6 8. Be3 Ng4 9. Bf4 Nd7 10. h3 e5 11. dxe5 Ngxe5 12. Nxe5 Nxe5 13. Bxe5 Bxe5 14. e3 Qf6 15. Qd2 Be6 16. e4 Bxc3 17. bxc3 dxe4 18. Qxh6 Qxc3 19. Bxe4 Qg7 20. Qxg7+ Kxg7 21.
Kg2 Rfd8 22. Rab1 Rab8 23. a3 Bd5 24. Bxd5 Rxd5 25. Rfd1 Kf6 26. Rxd5 cxd5 27. Rd1 Rc8 28. Rxd5 Rxc2 29. Rd7 Rb2 30. g4 g5 31. Rd6+ Kg7 32.
Rd3 b5 33. Kg3 a5 34. f4 a4 35. Rd5 Rb3+ 36. Kg2 gxf4 37. h4 Rg3+ 38. Kf2 Rxg4 39.
Rxb5 Rxh4 40. Rb4 Rh2+ 41. Kf1 Ra2 42. Rxa4 f3 43. Rf4 Rxa3 44. Kf2 Kg6 45. Rg4+ Kf5 46. Rb4 f6 47. Rb5+ Kg4 48. Rb4+ Kg5 49. Rc4 f5 50. Rb4 Rc3 51. Ra4 f4 52. Ra8 Kg4 53. Rg8+ Kf5 54. Rf8+ Ke4 55. Re8+ Kd4 56. Rd8+ Kc4 57.
Rc8+ Kb4 58. Rb8+ Ka3 59. Ra8+ Kb2 60. Rb8+ Kc2 61. Rb7 Kd2 62. Rd7+ Rd3 63. Rb7 Kd1 64. Rb1+ Kc2 65. Rb8 Rb3 66. Rc8+ Kd3 67. Rd8+ Ke4 68. Re8+ Kf5 69. Rf8+ Kg4 70. Rg8+ Kh5 71. Rh8+ Kg6 72. Rg8+ Kf5 73. Ra8 Ke4 74. Re8+ Kf5 75. Ra8 Ke4 76. Rc8 Kf5 77. Rc7 Ke4 78. Re7+ Kf5 79.
Rf7+ Kg4 80. Rg7+ Kf5 81. Rf7+ Ke4 82. Re7+ Kf5 83. Re8 Kg4 84. Rg8+ Kf5 85. Ra8 1/2-1/2

[Event "Live Chess"]
[Site "Chess.com"]
[Date "2024.06.02"]
[Round "-"]
[White "14141409"]
[Black "upoe610"]
[Result "1-0"]
[WhiteElo "2541"]
[BlackElo "2153"]
[TimeControl "300"]
[EndTime "6:34:14 PDT"]
[Termination "14141409 won by checkmate"]

1. e4 e5 2. Nf3 Nc6 3. Bc4 Nf6 4. d4 exd4 5. e5 Ne4 6. O-O Be7 7. Re1 d5 8. Bb5 O-O 9. Bxc6 bxc6 10. Nxd4 c5 11. Nc6 Qe8 12. Nxe7+ Qxe7 13. Qxd5 Bf5 14. f3 Rad8 15.
Qc4 Rd4 16. Qf1 Ng5 17. Nc3 Ne6 18. Be3 Rd7 19. Qf2 Nd4 20. Bxd4 cxd4 21. Ne4 Qxe5 22. Qh4 Bxe4 23. Rxe4 Qc5 24. Kh1 Qxc2 25. Rxd4 Qxb2 26.
Rad1 Rxd4 27. Qxd4 Qxa2 28. Qc5 h6 29. Qxc7 a5 30.
h3 a4 31. Rd8 Rxd8 32. Qxd8+ Kh7 33. Qd3+ g6 34. h4 Qb3 35. Qd7 a3 36. h5 Qe6 37.
hxg6+ Qxg6 38. Qa7 Qb1+ 39. Kh2 Qb3 40. Qa8 Qd3 41. Qa7 Kg7 42. Qa5 Kg6 43. Kg3 Qb3 44. Qa6+ f6 45. Qa8 a2 46. Qe8+ Qf7 47. Qa8 Qc7+ 48.
Kh3 Qd7+ 49. g4 Qd5 50. Qxd5 a1=Q 51. Qg8# 1-0